 Dungeon Crawl Stone Soup version 0.29.1-12-g30fa7ad0bf (webtiles) character file.

Game seed: 16913928413902181518

323 booth the Sneak (level 6, -3/35 (37) HPs)
             Began as a Kobold Brigand on Jan 10, 2023.
             Slain by a wight
             ... wielding a +4 halberd
              (4 damage)
             ... on level 5 of the Dungeon.
             The game lasted 00:35:48 (4657 turns).

booth the Sneak (Kobold Brigand)                    Turns: 4657, Time: 00:35:48

HP:   -3/35 (37)    AC:  6    Str:  9    XL:     6   Next: 77%
MP:   0/6           EV: 15    Int: 12    God:
Gold: 213           SH:  0    Dex: 18    Spells: 5/5 levels left

rFire   . . .      SeeInvis .   l - +0 dagger (speed)
rCold   . . .      Faith    .   (no shield)
rNeg    . . .      Spirit   +   b - +1 robe
rPois   .          Reflect  .   D - +0 helmet
rElec   .          Harm     .   c - +1 cloak
rCorr   .          Rampage  .   (no gloves)
Will    +....                   (no boots)
Stlth   +++++.....              y - amulet of guardian spirit
HPRegen 0.11/turn               x - ring of willpower
MPRegen 0.10/turn               (no ring)

@: drained
A: small, no large weapons, nightstalker 3
a: no special abilities


You were on level 5 of the Dungeon.
You visited 1 branch of the dungeon, and saw 5 of its levels.

You collected 213 gold pieces.

Inventory:

Hand Weapons
 a - a +2 dagger
 g - a +0 short sword
 l - a +0 dagger of speed (weapon)
 u - a +1 short sword of flaming
Missiles
 d - 10 poisoned darts (quivered)
 e - 3 curare-tipped darts
 p - 9 boomerangs
Armour
 b - a +1 robe (worn)
 c - a +1 cloak (worn)
 m - a scarf of resistance
 w - a +0 leather armour
 D - a +0 helmet (worn)
Jewellery
 h - a ring of magical power
 x - a ring of willpower (left hand)
 y - an amulet of guardian spirit (around neck)
Wands
 B - a wand of mindburst (4)
Scrolls
 f - 3 scrolls of teleportation
 i - a scroll of brand weapon {unknown}
 k - a scroll of fear
 n - a scroll of blinking {unknown}
 o - a scroll of enchant weapon {unknown}
 q - a scroll of poison {unknown}
 t - a scroll of immolation {unknown}
 v - a scroll of silence {unknown}
 C - a scroll of amnesia {unknown}
Potions
 j - 3 potions of mutation
 r - a potion of resistance
 s - 2 potions of attraction
 z - a potion of haste {unknown}
 A - a potion of brilliance {unknown}


   Skills:
 + Level 3.1 Fighting
 * Level 5.6 Short Blades
 + Level 2.8 Throwing
 + Level 2.3 Dodging
 + Level 7.7 Stealth
 + Level 0.2 Evocations


You had 5 spell levels left.
You didn't know any spells.
Your spell library was empty.

Dungeon Overview and Level Annotations

Branches:
Dungeon (5/15)
 Temple: D:4-7

Altars:
Zin

Annotations:
D:5 Blork the orc


Innate Abilities, Weirdness & Mutations

You are small and have problems with some larger weapons.
You are completely attuned to the shadows.


Message History

You hit the wight.
The wight is lightly damaged.
You hit the wight but do no damage.
The wight is lightly damaged.
The wight hits you with a +4 halberd.
You hit the wight but do no damage.
The wight is lightly damaged.
You barely miss the wight.
The wight is lightly damaged.
The wight barely misses you.
You hit the wight but do no damage.
The wight is lightly damaged.
You hit the wight but do no damage.
The wight is lightly damaged.
The wight closely misses you.
You hit the wight but do no damage.
The wight is lightly damaged.
You hit the wight.
The wight is lightly damaged.
You hit the wight but do no damage.
The wight is lightly damaged.
The wight barely misses you.
You hit the wight but do no damage. You punch the wight, but do no damage.
The wight is lightly damaged.
You hit the wight but do no damage.
The wight is lightly damaged.
The wight misses you.
You hit the wight but do no damage.
The wight is lightly damaged.
You hit the wight.
The wight is moderately damaged.
The wight closely misses you.
You hit the wight but do no damage.
The wight is moderately damaged.
You hit the wight but do no damage.
The wight is moderately damaged.
The wight hits you with a +4 halberd!!
* * * LOW HITPOINT WARNING * * *
You feel drained.
You die...

###### #########
#(..<# #.......#
#....# #.......#
#...[#
#.......######.###
#.................
##.......#####..###
..##........#####..###
....z@..).............
..#.#############.#...
#. #.# #. .. #.###.
..z ####..#...
#........# .........#
.........# #.......#


You could see a wight.

Vanquished Creatures
  A black bear (D:5)
  A hound (D:4)
  An orc wizard (D:5)
  An iguana (D:4)
  A gnoll (D:5)
  4 adders
  An ufetubus (D:4)
  2 worms
  2 dart slugs
  8 orcs
  2 endoplasms
  3 giant cockroaches
  13 goblins
  7 hobgoblins
  2 jackals (D:2)
  11 kobolds
  3 quokkas
  5 ball pythons
  6 bats
  3 frilled lizards
  4 rats
81 creatures vanquished.

Notes
Turn   | Place    | Note
-------+----------+-------------------------------------------
     0 | D:1      | booth the Kobold Brigand began the quest for the Orb.
     0 | D:1      | Reached XP level 1. HP: 12/12 MP: 1/1
   261 | D:1      | Reached XP level 2. HP: 18/18 MP: 2/2
   708 | D:1      | Reached skill level 6 in Stealth
   718 | D:1      | Reached XP level 3. HP: 21/22 MP: 3/3
  1214 | D:2      | Found a faded altar of an unknown god.
  1364 | D:2      | Reached XP level 4. HP: 25/27 MP: 4/4
  2260 | D:3      | Found a glowing silver altar of Zin.
  3524 | D:4      | Reached XP level 5. HP: 31/31 MP: 5/5
  4011 | D:4      | Reached skill level 5 in Short Blades
  4067 | D:4      | Reached skill level 7 in Stealth
  4178 | D:5      | Entered Level 5 of the Dungeon
  4192 | D:5      | Reached XP level 6. HP: 36/36 MP: 6/6
  4449 | D:5      | Noticed a black bear
  4449 | D:5      | Noticed Blork the orc
  4474 | D:5      | Killed a black bear
  4657 | D:5      | HP: 1/37 [wight/+4 halberd (14)]
  4657 | D:5      | Slain by a wight

Illustrated notes

Levels and vault maps discovered:
D:1:      roderic_octagonal_star, layout_loops_ring, serial_bayou_pond_d
D:2:      layout_rooms, shapermc_ecumenical_altar_starsandcircs,
          bh_walls_and_bars
D:3:      corexii_shack_village, layout_loops_ring, lemuel_doored_altar,
          serial_glass, glass_columns_a, glass_columns_b
D:4:      layout_loops_ring
D:5:      layout_rooms, overflow_temple_1_default, skrybe_limestone_x,
          wad_woods_river_04, uniq_blork_the_orc, uniq_crazy_yiuf_cottage

Skill      XL: |  1  2  3  4  5  6 |
---------------+-------------------+-----
Short Blades   | 3 4 5 |  5.6
Stealth        | 6 7 |  7.7
Dodging        | 2 |  2.3
Fighting       | 3 |  3.1
Throwing       | |  2.8
Evocations     | |  0.2

Action                   |  1- 3 |  4- 6 || total
-------------------------+-------+-------++-------
Melee: Dagger            |    73 |   176 ||   249
       Punch             |       |     3 ||     3
Throw: Dart              |    11 |    10 ||    21
       Boomerang         |       |     1 ||     1
Evoke: Wand              |       |     3 ||     3
  Use: Scroll            |       |     8 ||     8
       Potion            |       |     1 ||     1
 Stab: Sleeping          |    11 |    17 ||    28
       Distracted        |       |     2 ||     2
Armor: Robe              |    12 |    23 ||    35
Dodge: Dodged            |    41 |    66 ||   107
